 Dungeon Crawl Stone Soup version 0.31-a0-879-g1609e0ac53 (webtiles) character file.

Game seed: 17730025205647330789

1 Kurtz the Sneak (level 1, -5/21 HPs)
             Began as a Naga Delver on Oct 14, 2023.
             Slain by a worm (11 damage)
             ... on level 2 of the Dungeon.
             The game lasted 00:00:19 (166 turns).

Kurtz the Sneak (Naga Delver)                        Turns: 166, Time: 00:00:20

Health: -5/21      AC:  1    Str: 14    XL:     1   Next: 20%
Magic:  1/1        EV:  9    Int: 10    God:
Gold:   14         SH:  0    Dex: 12    Spells: 0/0 levels left

rFire   . . .        a - +0 hand axe
rCold   . . .        (no shield)
rNeg    . . .        b - +0 leather armour
rPois   +            (no helmet)
rElec   .            (no cloak)
rCorr   .            (no gloves)
SInv    +            (no barding)
Will    .....        (no amulet)
Stlth   +++          (no ring)
HPRegen 0.23/turn    (no ring)
MPRegen 0.07/turn

%: no passive effects
@: very slow
A: AC +0, large, see invisible, deformed body, poison resistance, slowness 2,
spit poison 1, naga tail 1
a: Spit Poison


You were on level 2 of the Dungeon.
You visited 1 branch of the dungeon, and saw 4 of its levels.

You collected 14 gold pieces.

Inventory:

Hand Weapons
 a - a +0 hand axe (weapon)
Armour
 b - a +0 leather armour (worn)
 k - a +2 buckler
Wands
 g - a wand of digging (3)
Scrolls
 c - a scroll of fog
 d - a scroll of revelation
 e - a scroll of fear
Potions
 f - a potion of haste
 h - 2 potions of brilliance {unknown}
 i - a potion of degeneration {unknown}
 j - a potion of lignification {unknown}


   Skills:
 - Level 3.0 Fighting
 * Level 2.1 Axes
 - Level 1.5 Dodging
 - Level 7.2 Stealth


You couldn't memorise any spells.
You didn't know any spells.
Your spell library was empty.

Dungeon Overview and Level Annotations

Branches:
Dungeon (5/15)
 Temple: D:4-7

Altars:


Innate Abilities, Weirdness & Mutations

Your serpentine skin is tough. (AC +0)
You have supernaturally acute eyesight. (SInv)
Armour fits poorly on your strangely shaped body.
Your system is resistant to poisons. (rPois)
You cover ground very slowly.
You can spit poison.
You have a snake-like lower body.


Message History

Found a purple potion.
A kobold comes into view. It is wielding a +0 short sword.
The kobold moves out of view.
You see here a +2 buckler.
k - a +2 buckler An orc comes into view.
It is wielding a +0 hand axe.
The orc moves out of view.
Found a green potion.
The kobold shouts!
You hear a shout! 2 orcs come into view.
The orc moves out of view. 2 orcs come into view.
There is a stone staircase leading up here.
You climb upwards.
The ball python hisses angrily.
Found 13 gold pieces.
There is a stone staircase leading down here.
A worm comes into view.
You see here 7 gold pieces.
You closely miss the ball python. The ball python bites you.
You hit the ball python.
You kill the ball python!
You see here a ball python corpse.
Unknown command.
The worm bites you.
You hit the worm.
The worm is moderately wounded.
The worm bites you.
You hit the worm.
The worm is moderately wounded.
You hit the worm.
The worm is heavily wounded.
The worm bites you.
* * * LOW HITPOINT WARNING * * *
You are too injured to fight recklessly!
You hit the worm.
The worm is heavily wounded.
The worm bites you!
Ouch! That really hurt!
You die...

### ##.. #####..#
#......# #...$..#
#......####
#.....†...#
#.......$.#####..
#.....@..>.......
#######w###......
#.# ##### #..
.#.# . .. .. ..#
#..


You could see a worm.

Vanquished Creatures
  A ball python (D:2)
1 creature vanquished.

Notes
Turn   | Place    | Note
-------+----------+-------------------------------------------
     0 | D:5      | Kurtz the Naga Delver began the quest for the Orb.
     0 | D:5      | Reached XP level 1. HP: 21/21 MP: 1/1
   166 | D:2      | Slain by a worm

Illustrated notes

Levels and vault maps discovered:
D:2:      layout_rooms, serial_aquarium, aquarium_bridge_square
          [aquarium_subvault_window, aquarium_subvault_bridge,
          aquarium_subvault_window, aquarium_subvault_balcony],
          aquarium_window_1, aquarium_window_1, aquarium_view_2e,
          aquarium_balcony_1a, aquarium_pool_double, glass_columns_b,
          minmay_misc_feat_alley, minmay_pentomino_p4
D:3:      layout_rooms, elyvilon_altar_4, serial_shops, shop, roderic_batcave,
          uniq_ijyb
D:4:      layout_loops_ring, gammafunk_temple_overflow_arena,
          lemuel_coloured_pillars_altar
D:5:      layout_basic, temple_pool_b, gammafunk_ghost_necromancy,
          amethyst_killhole, uniq_blork_the_orc, uniq_duvessa

Action                     || total
---------------------------++-------
  Melee: Hand axe          ||     6
 Armour: Leather armour    ||     5

Table legend: (Time is in decaauts)
 A = Elapsed time spent in this place.
 B = Non-inter-level travel time spent in this place.
 C = Inter-level travel time spent in this place.
 D = Time resting spent in this place.
 E = Time spent auto-exploring this place.
 F = Levels seen in this place.
 G = Mean time per level.
                   A        B        C        D        E       F      G
               +--------+--------+--------+--------+--------+-----+--------+
         Total |    224 |    153 |     71 |      0 |    100 |   4 |   56.0 |
       Dungeon |    224 |    153 |     71 |      0 |    100 |   4 |   56.0 |
               +--------+--------+--------+--------+--------+-----+--------+

Top non-repeatable levels by time:
     D:5: 113 daAuts
     D:4: 65 daAuts
     D:3: 30 daAuts
     D:2: 15 daAuts
